 Dungeon Crawl Stone Soup version 0.24.0-35-gdb84b6a5db (webtiles) character file.

Game seed: 8853189204324467706, levelgen mode: deterministic

44 Katsumi the Changer (level 3, 0/15 HPs)
             Began as a Felid Transmuter on Nov 19, 2019.
             Succumbed to a worker ant's poison
             ... on level 2 of the Dungeon.
             The game lasted 00:01:28 (1923 turns).

Katsumi the Changer (Felid Transmuter)              Turns: 1923, Time: 00:01:29

Health: 0/15       AC:  1    Str:  6    XL:     3   Next: 41%
Magic:  7/7        EV: 18    Int: 15    God:
Gold:   85         SH:  0    Dex: 16    Spells: 3/6 levels left
                                        Lives:  0   Deaths: 0

rFire    . . .     SeeInvis +     - Unarmed
rCold    . . .     Gourm    .   (shield unavailable)
rNeg     . . .     Faith    .   (armour unavailable)
rPois    .         Spirit   .   (helmet unavailable)
rElec    .         Reflect  .   (cloak unavailable)
rCorr    .         Harm     .   (gloves unavailable)
MR       .....                  (boots unavailable)
Stlth    +.........             g - amulet of rage
HPRegen  0.05/turn              (no ring)
MPRegen  0.10/turn              (no ring)

@: lethally poisoned (0 -> -8), appendage, flying, quick
A: very small, no armour, no weapons or thrown items, stealth, claws 1, fangs 3,
horns 2, see invisible, carnivore, speed 1, shaggy fur 1, slow metabolism 1,
sharp paws
a: End Transformation, Evoke Berserk Rage


You were on level 2 of the Dungeon.
You were completely stuffed.
You had grown temporary horns.
You visited 1 branch of the dungeon, and saw 2 of its levels.

You collected 85 gold pieces.

Inventory:

Missiles
 a - 12 arrows
Jewellery
 g - an amulet of rage (around neck)
Scrolls
 d - 2 scrolls of teleportation {unknown}
 e - a scroll of fog {unknown}
 h - a scroll of amnesia {unknown}
Potions
 b - a potion of flight
 f - a potion of curing {unknown}
 i - 2 potions of brilliance {unknown}
Comestibles
 c - 5 rations
 j - a chunk of flesh


   Skills:
 - Level 1.0 Fighting
 - Level 2.6 Dodging
 - Level 3.0 Unarmed Combat
 - Level 2.0 Spellcasting
 + Level 4.3 Transmutations


You had 3 spell levels left.
You knew the following spells:

 Your Spells              Type           Power        Failure   Level  Hunger
a - Beastly Appendage     Tmut           ##....       3%          1    #......
b - Sticks to Snakes      Tmut           ##......     6%          2    ###....

Your spell library contained the following spells:

 Spells                   Type           Power        Failure   Level  Hunger
 Spider Form              Tmut/Pois      #.........   28%         3    ###....
 Ice Form                 Ice/Tmut       #.......     67%         4    #####..
 Blade Hands              Tmut           ##........   71%         5    ######.


Dungeon Overview and Level Annotations

Branches:
Dungeon (2/15)

Altars:


Innate Abilities, Weirdness & Mutations

You cannot wear armour.
You are incapable of wielding weapons or throwing items.
Your paws allow you to move quietly. (Stealth)
You have sharp claws.
You have razor-sharp teeth.
You have supernaturally acute eyesight. (SInv)
You are carnivorous and can eat meat at any time.
You cover ground quickly.
You are covered in fur. (AC +1)
You have a slow metabolism.
Your sharp claws are effective at attacking unaware monsters.
You have a pair of horns on your head.


Message History

You fail to use your ability.
You fail to use your ability.
The kobold shouts!
You hear a shout!
The centaur shouts!
The centaur closely misses you.
The kobold throws a stone.
The stone barely misses you. The centaur hits you.
The worker ant barely misses you.
A goblin comes into view.
The kobold shouts!
You fail to use your ability.
The kobold throws a stone.
The stone hits you but does no damage. The centaur completely misses you.
The worker ant bites you.
* * * LOW HITPOINT WARNING * * *
You are lethally poisoned!
The worker ant poisons you!
Unknown command.
Unknown command.
It was a potion of flight.
You feel very buoyant.
You fly up into the air.
You die...

##..#... #...#.#. ...
#.รท.#... ...##...##..
#####...#.#.##.# ..
###....###........# ..
##........##.##.####
#.. #(....###
#........ ..##.#@...K#
##.>..###
#.#..#ca($K.# #.....#
#.#..#r$##!.# #.....##
#....#.%# .# #.....##
#....#..$ # #.######
#....##... ##.#
#.....##### #..#
##......... ##..######
#..###....###.........


You could see a centaur, a worker ant, 2 kobolds and a rat.

Vanquished Creatures
  An adder (D:2)
  2 oozes (D:1)
  3 giant cockroaches (D:1)
  6 goblins
  A hobgoblin (D:1)
  4 kobolds
  A quokka (D:2)
  3 bats (D:1)
  A frilled lizard (D:1)
  4 rats
26 creatures vanquished.

Notes
Turn   | Place    | Note
-------+----------+-------------------------------------------
     0 | D:1      | Katsumi the Felid Transmuter began the quest for the Orb.
     0 | D:1      | Reached XP level 1. HP: 9/9 MP: 4/4
   383 | D:1      | Reached skill level 3 in Transmutations
   383 | D:1      | Reached XP level 2. HP: 5/12 MP: 4/6
   387 | D:1      | Learned a level 2 spell: Sticks to Snakes
  1271 | D:1      | Reached XP level 3. HP: 15/15 MP: 5/7
  1584 | D:2      | Reached skill level 4 in Transmutations
  1918 | D:2      | Noticed a centaur
  1923 | D:2      | Succumbed to a worker ant's poison

Levels and vault maps discovered:
D:1:      dpeg_arrival_round_c, layout_loops_ring
D:2:      layout_loops_cross, serial_co_window_serial, co_window_corner_a,
          co_window_corner_a, co_window_of_opportunity_a, co_window_paths_a,
          co_window_corner_a, co_window_of_opportunity_a, co_window_2corner,
          co_window_unsneaky_path_c, co_window_cross_3, co_window_corner_ca,
          co_window_broadway_a, co_window_unsneaky_path_e, glass_columns_c,
          glass_columns_a, glass_columns_b, glass_columns_a, first_ration,
          minmay_randomly_rotated_circles

Skill      XL: |  1  2  3 |
---------------+----------+-----
Transmutations | 3 4 |  4.3
Fighting       | |  1.0
Dodging        | |  2.6
Unarmed Combat | |  3.0
Spellcasting   | |  2.0

Action                   || total
-------------------------++-------
Melee: Unarmed           ||    74
       Headbutt          ||     7
       Bite              ||     7
       Punch             ||     2
 Cast: Beastly Appendage ||    22
 Abil: Evoke Berserk Rag ||     2
  Use: Potion            ||     1
 Stab: Sleeping          ||     6
  Eat: Chunk             ||    11
Armor: Skin              ||     2
Dodge: Dodged            ||    53
